 Dungeon Crawl Stone Soup version 0.30-a0-439-g9e77e4d916 (webtiles) character file.

Game seed: 11351724036558595025

157 p00ps00p the Trooper (level 5, 0/47 HPs)
             Began as a Hill Orc Fighter on Dec 11, 2022.
             Slain by an ogre
             ... wielding a +0 giant club
              (30 damage)
             ... on level 4 of the Dungeon.
             The game lasted 00:03:32 (2794 turns).

p00ps00p the Trooper (Hill Orc Fighter)             Turns: 2794, Time: 00:03:32

Health: 0/47       AC: 10    Str: 21    XL:     5   Next: 38%
Magic:  5/5        EV:  9    Int:  8    God:
Gold:   153        SH:  4    Dex: 10    Spells: 4/4 levels left

rFire   . . .      SeeInvis .    a - +0 war axe
rCold   . . .      Faith    .    c - +0 buckler
rNeg    . . .      Spirit   .    b - +1 scale mail
rPois   .          Reflect  .    p - +0 helmet
rElec   .          Harm     .    (no cloak)
rCorr   .          Rampage  .    (no gloves)
Will    .....                    l - +0 pair of boots
Stlth   ..........               (no amulet)
HPRegen 0.27/turn                (no ring)
MPRegen 0.09/turn                (no ring)

@: no status effects
A: no striking features
a: no special abilities


You were on level 4 of the Dungeon.
You visited 1 branch of the dungeon, and saw 4 of its levels.

You collected 153 gold pieces.

Inventory:

Hand Weapons
 a - a +0 war axe (weapon)
Missiles
 i - a throwing net (quivered)
Armour
 b - a +1 scale mail (worn)
 c - a +0 buckler (worn)
 l - a +0 pair of boots (worn)
 p - a +0 helmet (worn)
Wands
 d - a wand of digging (3)
Scrolls
 h - a scroll of teleportation
Potions
 e - 4 potions of magic
 f - a potion of curing
 k - a potion of degeneration
 m - a potion of berserk rage {unknown}
 n - a potion of lignification {unknown}
 o - a potion of ambrosia {unknown}


   Skills:
 + Level 4.7 Fighting
 + Level 4.2 Axes
 + Level 4.3 Armour
 + Level 4.2 Shields


You had 4 spell levels left.
You didn't know any spells.
Your spell library contained the following spells:

 Spells                   Type           Power      Damage    Failure   Level
 Necrotise                Necr           0%         1d4       83%         1
 Vampiric Draining        Necr           0%         2d6       99%         3
 Agony                    Necr           0%         N/A       100%        5


Dungeon Overview and Level Annotations

Branches:
Dungeon (4/15)
 Temple: D:4-7

Altars:
Cheibriados
Elyvilon
Okawaru
Yredelemnul
The Shining One


Message History

You see here a scroll of teleportation.
The adder hisses angrily.
You closely miss the adder.
The adder bites you but does no damage. x2
You miss the adder. The adder bites you.
You slash the adder!
The adder is almost dead.
You slash the ogre!
The adder bites you but does no damage. x2
The ogre hits you with a +0 giant club!!
Unknown command.
You hit the ogre but do no damage.
The ogre is moderately wounded.
You miss the adder. The adder bites you. The adder barely misses you.
The ogre hits you with a +0 giant club!
* * * LOW HITPOINT WARNING * * *
Unknown command.
You barely miss the ogre.
The ogre is moderately wounded.
You barely miss the adder. The adder barely misses you.
You block the adder's attack.
You closely miss the ogre.
The ogre is moderately wounded.
You barely miss the adder. You block the ogre's attack.
You block the adder's attack.
You feel much better. You block the adder's attack.
You block the ogre's attack.
You slash the ogre!
The ogre is severely wounded.
You miss the adder. The adder barely misses you.
The adder bites you but does no damage. The ogre hits you with a +0 giant club!
You barely miss the ogre.
The ogre is severely wounded.
You miss the adder. The adder bites you but does no damage.
You block the ogre's attack. You block the adder's attack.
Unknown command.
You slash the ogre!
The ogre is almost dead.
You barely miss the adder. The adder bites you but does no damage.
The ogre hits you with a +0 giant club!!
Ouch! That really hurt!
You die...

## ### .## #..#
###..## ..#...###
#.....##
........###......##
......O@?...<###..#
####..#S###...†...#
## #~# #.......#
~~~#....#####
#~~~#....#
##~##..### #~#.###
#~#. ##


You could see an ogre and an adder.

Vanquished Creatures
  Jessica (D:2)
  Robin (D:3)
  6 adders
  2 worms (D:3)
  A dart slug (D:3)
  An orc (D:3)
  2 bats
  9 endoplasms
  3 giant cockroaches
  12 goblins (D:3)
  3 hobgoblins
  6 ball pythons
  2 frilled lizards
  3 kobolds (D:2)
  5 rats
57 creatures vanquished.

Vanquished Creatures (others)
  2 plants (D:3)
2 creatures vanquished.

Grand Total: 59 creatures vanquished

Notes
Turn   | Place    | Note
-------+----------+-------------------------------------------
     0 | D:1      | p00ps00p the Hill Orc Fighter began the quest for the Orb.
     0 | D:1      | Reached XP level 1. HP: 19/19 MP: 1/1
   561 | D:1      | Reached XP level 2. HP: 23/27 MP: 2/2
  1032 | D:2      | Reached XP level 3. HP: 21/33 MP: 3/3
  1361 | D:2      | Noticed Jessica
  1365 | D:2      | Reached XP level 4. HP: 35/40 MP: 4/4
  1374 | D:2      | Killed Jessica
  2061 | D:3      | Reached XP level 5. HP: 47/47 MP: 5/5
  2087 | D:3      | Found a faded altar of an unknown god.
  2138 | D:3      | Found a glowing golden altar of the Shining One.
  2308 | D:3      | Found a snail-covered altar of Cheibriados.
  2438 | D:3      | Found a white marble altar of Elyvilon.
  2493 | D:3      | Noticed Robin
  2506 | D:3      | Killed Robin
  2523 | D:3      | Found a basalt altar of Yredelemnul.
  2716 | D:3      | Found an iron altar of Okawaru.
  2783 | D:4      | Noticed an ogre
  2794 | D:4      | Slain by an ogre

Illustrated notes

Levels and vault maps discovered:
D:1:      giann_forest_graveyard, layout_basic
D:2:      wander_river, layout_loops_corners, uniq_jessica
D:3:      layout_basic, kennysheep_ying_yang, mainiacjoe_overflow_alcove_4,
          mainiacjoe_overflow_swirl, chequers_ecumenical_altar_lobes,
          nicolae_titane, uniq_robin
D:4:      layout_cave_pools, gup_sewer_entry_bubbles, hangedman_decor_lopped,
          uniq_crazy_yiuf_cottage

Skill      XL: |  1  2  3  4 |
---------------+-------------+-----
Axes           | 3 4 |  4.2
Fighting       | 4 |  4.7
Armour         | 4 |  4.3
Shields        | 4 |  4.2

Action                   |  1- 3 |  4- 6 || total
-------------------------+-------+-------++-------
Melee: War axe           |    75 |    87 ||   162
  Use: Scroll            |     5 |     2 ||     7
       Potion            |       |     3 ||     3
Armor: Scale mail        |    37 |    51 ||    88
Dodge: Dodged            |    36 |    38 ||    74
Block: Buckler           |    21 |    25 ||    46

Table legend: (Time is in decaauts)
 A = Elapsed time spent in this place.
 B = Non-inter-level travel time spent in this place.
 C = Inter-level travel time spent in this place.
 D = Time resting spent in this place.
 E = Time spent auto-exploring this place.
 F = Levels seen in this place.
 G = Mean time per level.
                   A        B        C        D        E       F      G
               +--------+--------+--------+--------+--------+-----+--------+
         Total |   2879 |   2714 |    165 |    114 |   2145 |   4 |  719.8 |
       Dungeon |   2879 |   2714 |    165 |    114 |   2145 |   4 |  719.8 |
               +--------+--------+--------+--------+--------+-----+--------+

Top non-repeatable levels by time:
     D:2: 1203 daAuts
     D:3: 930 daAuts
     D:1: 716 daAuts
     D:4: 29 daAuts
